 Dungeon Crawl Stone Soup version 0.28.0-43-g3370ac3207 (webtiles) character file.

Game seed: 17534954062280077561

0 hehateme the Caller (level 1, -1/10 HPs)
             Began as a Kobold Summoner on Mar 20, 2022.
             Slain by a kobold
             ... wielding a +0 dagger
              (2 damage)
             ... on level 1 of the Dungeon.
             The game lasted 00:00:15 (233 turns).

hehateme the Caller (Kobold Summoner)                Turns: 233, Time: 00:00:15

Health: -1/10      AC:  2    Str:  5    XL:     1   Next: 11%
Magic:  3/3        EV: 15    Int: 16    God:
Gold:   5          SH:  0    Dex: 15    Spells: 3/4 levels left

rFire   . . .      SeeInvis .   (weapon restricted)
rCold   . . .      Faith    .   (no shield)
rNeg    . . .      Spirit   .   a - +0 robe
rPois   .          Reflect  .   (no helmet)
rElec   .          Harm     .   (no cloak)
rCorr   .          Rampage  .   (no gloves)
Will    .....                   (no boots)
Stlth   +++.......              (no amulet)
HPRegen 0.03/turn               (no ring)
MPRegen 0.08/turn               (no ring)

@: no status effects
A: small, no large weapons, nightstalker 3
a: no special abilities


You were on level 1 of the Dungeon.
You visited 1 branch of the dungeon, and saw 1 of its levels.

You collected 5 gold pieces.

Inventory:

Armour
 a - a +0 robe (worn)


   Skills:
 + Level 0.0 Fighting
 - Level 2.4 Dodging
 - Level 2.6 Stealth
 + Level 2.2 Spellcasting
 * Level 4.0 Summonings


You had 3 spell levels left.
You knew the following spells:

 Your Spells              Type           Power      Damage    Failure   Level
a - Summon Small Mammal   Summ           56%        N/A       4%          1

Your spell library contained the following spells:

 Spells                   Type           Power      Damage    Failure   Level
 Call Imp                 Summ           14%        N/A       6%          2
 Call Canine Familiar     Summ           14%        N/A       12%         3
 Summon Guardian Golem    Hex/Summ       8%         N/A       26%         3
 Summon Lightning Spire   Summ/Air       8%         N/A       65%         4


Dungeon Overview and Level Annotations

Branches:
Dungeon (1/15)

Altars:


Innate Abilities, Weirdness & Mutations

You are small and have problems with some larger weapons.
You are completely attuned to the shadows.


Message History

Unknown command.
Unknown command.
You barely miss the rat. The rat closely misses you.
You barely miss the rat. The rat bites you but does no damage.
Unknown command.
You hit the rat but do no damage. The rat closely misses you.
Unknown command.
You barely miss the rat. The rat misses you.
You hit the rat.
You kill the rat!
Unknown command.
You see here a +0 dagger.
A bat comes into view.
Health restored: 10 A bat is nearby!
A kobold comes into view. It is wielding a +0 dagger.
The helpless bat fails to defend itself.
You hit the bat. The bat closely misses you. The bat misses you.
A frilled lizard comes into view.
The bat closely misses you.
The kobold shouts!
You closely miss the kobold. The bat barely misses you.
The kobold hits you with a +0 dagger.
You take 2 damage, and have 8/10 hp.
You closely miss the kobold. The bat hits you but does no damage.
The kobold misses you.
You closely miss the kobold. The bat hits you. The bat barely misses you.
The frilled lizard bites you.
* * * LOW HITPOINT WARNING * * *
The kobold hits you with a +0 dagger.
* * * LOW HITPOINT WARNING * * *
You take 7 damage, and have 1/10 hp.
GAME OVER YEAH!!
You barely miss the kobold. The bat barely misses you.
The frilled lizard closely misses you. The kobold barely misses you.
You hit the kobold. The bat hits you.
* * * LOW HITPOINT WARNING * * *
The frilled lizard closely misses you. The kobold hits you with a +0 dagger.
You die...

#.# #.##)# .#
#.#####.##.# .##
#.......##.#####...
####.####.......# #
#.# ##.####.# # # #.#
### ##.##.# # #.#
##...#.# ####.#
#.......# .<>..###
#.#.b@###
####...#####.##.Kl...
######..... ######.
...# #.#### ##.###)#
##.....# ###.####
.##.# ###..

Notes
Turn   | Place    | Note
-------+----------+-------------------------------------------
     0 | D:1      | hehateme the Kobold Summoner began the quest for the Orb.
     0 | D:1      | Reached XP level 1. HP: 10/10 MP: 3/3
   231 | D:1      | HP: 1/10 [kobold/+0 dagger (3)]
   233 | D:1      | Slain by a kobold

Table legend: (Time is in decaauts)
 A = Elapsed time spent in this place.
 B = Non-inter-level travel time spent in this place.
 C = Inter-level travel time spent in this place.
 D = Time resting spent in this place.
 E = Time spent auto-exploring this place.
 F = Levels seen in this place.
 G = Mean time per level.
                   A        B        C        D        E       F      G
               +--------+--------+--------+--------+--------+-----+--------+
         Total |    233 |    233 |      0 |      0 |    206 |   1 |  233.0 |
       Dungeon |    233 |    233 |      0 |      0 |    206 |   1 |  233.0 |
               +--------+--------+--------+--------+--------+-----+--------+

Top non-repeatable levels by time:
     D:1: 233 daAuts

Table legend:
 A = Kills in this place as a percentage of kills in entire the game.
 B = Kills by you in this place as a percentage of kills by you in the entire game.
 C = Kills by friends in this place as a percentage of kills by friends in the entire game.
 D = Other kills in this place as a percentage of other kills in the entire game.
 E = Experience gained in this place as a percentage of experience gained in the entire game.
 F = Experience gained in this place divided by the number of levels of this place that you have seen.
                   A       B       C       D       E      F
               +-------+-------+-------+-------+-------+----------------------
         Total | 100.0 | 100.0 |   N/A |   N/A | 100.0 |   1.0
       Dungeon | 100.0 | 100.0 |   N/A |   N/A | 100.0 |   1.0
               +-------+-------+-------+-------+-------+----------------------

Action                   || total
-------------------------++-------
Melee: Unarmed           ||    17
 Stab: Sleeping          ||     1
Armor: Robe              ||     2
Dodge: Dodged            ||    18

Vanquished Creatures
  A rat (D:1)
1 creature vanquished. You could see a bat, a kobold and a frilled lizard.

Levels and vault maps discovered:
D:1:      dpeg_arrival_tiny_j, layout_loops_ring, kennysheep_another_room
